[Event "*** Titled Tuesday Blitz"]
[Site "Chess.com"]
[Date "2019.08.06"]
[Round "9"]
[White "dmosesov"]
[Black "cukus"]
[Result "1/2-1/2"]
[WhiteElo "2534"]
[BlackElo "2418"]
[TimeControl "180+2"]
[EndTime "15:08:55 PDT"]
[Termination "Game drawn by agreement"]

1. d4 Nf6 2. Nf3 g6 3. c4 Bg7 4. Nc3 d5 5. cxd5 Nxd5 6. e4 Nxc3 7. bxc3 c5 8. Rb1 O-O 9. Be2 Nc6 10. d5 Ne5 11. Nxe5 Bxe5 12. Qd2 e6 13. O-O exd5 14. exd5 b6 15. f4 Bg7 16. c4 Bf5 17. Rb3 Qd6 18.
Bb2 Rfe8 19. Bxg7 Kxg7 20. Bf3 Re7 21. a4 Rae8 22. a5 Rb8 23. axb6 axb6 24. Ra1 Reb7 25. Re1 h5 26. g3 Kh7 27. Rbe3 b5 28. cxb5 Rxb5 29.
Re7 Qf6 30. d6 Rb2 31. Qd5 Kg7 32. d7 Rd8 33. Kh1 Rb1 34. Qxc5 Rxe1+ 35. Rxe1 Rxd7 36. Qe5 Qxe5 37. Rxe5 Rd2 38. Re2 Rxe2 39. Bxe2 1/2-1/2

[Event "*** Titled Tuesday Blitz"]
[Site "Chess.com"]
[Date "2019.08.06"]
[Round "9"]
[White "Jospem"]
[Black "Gubajdullin"]
[Result "1-0"]
[WhiteElo "2906"]
[BlackElo "2608"]
[TimeControl "180+2"]
[EndTime "15:08:57 PDT"]
[Termination "Jospem won by resignation"]

1. e4 c6 2. d4 d5 3. e5 Bf5 4. Nf3 e6 5. Be2 Nd7 6. O-O h6 7. Nbd2 Ne7 8. Nb3 Bh7 9. a4 Ng6 10. Bd3 Be7 11. Re1 O-O 12. Be3 Qc7 13. c4 dxc4 14.
Bxc4 Rfd8 15. Qc1 Nh4 16. Nxh4 Bxh4 17. a5 a6 18. Ra3 Nf8 19. Nc5 Be7 20. b4 Ng6 21. g3 Bf8 22. f3 Ne7 23. Bf2 Nd5 24. Qb2 Bg6 25. h4 Qe7 26. Raa1 Rab8 27. Rac1 Nc7 28.
Rcd1 Qe8 29. g4 Nd5 30. h5 Bh7 31. Bg3 Be7 32. f4 Nc7 33. Qf2 Kh8 34. f5 Bg5 35. f6 Nd5 36. fxg7+ Kxg7 37. Bd3 Nxb4 38. Bxh7 Kxh7 39.
Ne4 Nd5 40. Rd3 Qe7 41. Rf3 Rd7 42. Rf1 Rf8 43. Kh2 Kg7 44. Kh3 Qd8 45. Nc5 Re7 46. Nxe6+ Rxe6 47. Rxf7+ Rxf7 48. Qxf7+ Kh8 49. Qxe6 Qe7 50.
Qg6 Qa3 51. Qe8+ 1-0

[Event "*** Titled Tuesday Blitz"]
[Site "Chess.com"]
[Date "2019.08.06"]
[Round "9"]
[White "PchelkinVK"]
[Black "AlexanderKing"]
[Result "0-1"]
[WhiteElo "2519"]
[BlackElo "2653"]
[TimeControl "180+2"]
[EndTime "15:08:57 PDT"]
[Termination "AlexanderKing won on time"]

1. d4 d5 2. Nc3 Nf6 3. Bf4 c5 4. e4 e6 5. e5 Nfd7 6. dxc5 Nc6 7. Nf3 Bxc5 8. Bd3 a6 9. Qe2 b5 10. O-O-O Bb7 11. Ng5 Ncxe5 12. Rhe1 Nxd3+ 13. Rxd3 Qf6 14. g3 h6 15. Nf3 O-O 16. Ne5 Nxe5 17. Bxe5 Qg6 18. f4 Rfe8 19. g4 f6 20. Bd4 Bxd4 21.
Rxd4 e5 22. fxe5 fxe5 23. Rdd1 d4 24. Ne4 Rad8 25. Ng3 e4 26. Nf5 Bc8 27. Qf2 Bxf5 28. gxf5 Qg5+ 29. Kb1 e3 30. Qf3 Rf8 31. Rf1 Kh8 32. h4 Qf6 33. Qg4 Rfe8 34. Rde1 d3 35. cxd3 Rxd3 36. Re2 Red8 37. Qg1 Rd2 38. Rxd2 Rxd2 0-1

[Event "*** Titled Tuesday Blitz"]
[Site "Chess.com"]
[Date "2019.08.06"]
[Round "9"]
[White "timator"]
[Black "Kubas1010"]
[Result "1-0"]
[WhiteElo "2453"]
[BlackElo "2561"]
[TimeControl "180+2"]
[EndTime "15:08:58 PDT"]
[Termination "timator won by checkmate"]

1. Nf3 Nf6 2. d4 g6 3. g3 Bg7 4. Bg2 O-O 5. O-O d6 6. c4 Nbd7 7. Nc3 e5 8. e4 c6 9. d5 cxd5 10. exd5 Ne8 11. Qe2 a5 12. Nb5 Nc5 13. b3 Bd7 14.
Bb2 Qb6 15. Nd2 Nc7 16. a4 N7a6 17. Ba3 f5 18. Rae1 Nb4 19. Bxb4 axb4 20. Kh1 e4 21. f3 e3 22. Qxe3 Rae8 23. Qf2 Bxb5 24. cxb5 Bc3 25.
Rxe8 Rxe8 26. Re1 Qd8 27. Bf1 Re7 28. Bc4 Qe8 29. Rxe7 Qxe7 30. Nf1 b6 31. Qe3 Qf6 32. Kg2 Kf8 33. g4 f4 34. Qe2 Qd4 35. h4 Qf6 36. g5 Qd4 37. Nh2 Nd7 38. Ng4 Bd2 39. Qe6 Be3 40.
Qxd7 Qd2+ 41. Kh3 Qe1 42. Qxd6+ Ke8 43. Nf6+ Kf7 44. Qd7+ Kf8 45. Qe8+ Kg7 46. Qg8# 1-0

[Event "*** Titled Tuesday Blitz"]
[Site "Chess.com"]
[Date "2019.08.06"]
[Round "9"]
[White "Blazinq"]
[Black "K_A_S_T_O_R"]
[Result "1-0"]
[WhiteElo "2631"]
[BlackElo "2778"]
[TimeControl "180+2"]
[EndTime "15:08:59 PDT"]
[Termination "Blazinq won by resignation"]

1. e4 e5 2. Nf3 Nc6 3. Bb5 a6 4.
Ba4 Nf6 5. O-O Be7 6. Re1 b5 7. Bb3 d6 8. c3 O-O 9. h3 Bb7 10. d4 Re8 11. Nbd2 Bf8 12. a3 h6 13. Bc2 d5 14. dxe5 Nxe5 15. Nxe5 Rxe5 16. f4 Bc5+ 17. Kh2 Bc8 18. g3 Rh5 19. f5 Bf2 20. Rf1 Bxg3+ 21.
Kxg3 Nxe4+ 22. Nxe4 Qh4+ 23. Kg2 Rxf5 24. Rxf5 Bxf5 25.
Nf2 Bxc2 26. Qxc2 Re8 27. Qd3 Re6 28. Be3 Rg6+ 29. Kf1 Qg3 30. Ke2 Re6 31. Re1 c5 32.
Kd2 Qd6 33. Re2 d4 34. cxd4 c4 35. Qc3 Qd5 36. Ng4 Re4 37. Nf2 Re6 38. Re1 Qf3 39.
d5 Rd6 40. Rg1 f6 41. Kc1 Kh8 42. Rxg7 Rxd5 43. Rg6 Rf5 44. Rxh6+ Kg7 45. Qd4 Rd5 46. Qg4+ Qxg4 47. Nxg4 f5 48. Nf2 f4 49. Bxf4 Rf5 50.
Rh4 Kg6 51. Rg4+ Kf7 52. Be3 Ke6 53. Re4+ Kd5 54. Rd4+ Kc6 55. Kd2 Rf3 56. Rf4 Rg3 57.
Rg4 Rf3 58. Rg6+ Kd5 59. Rxa6 1-0

[Event "*** Titled Tuesday Blitz"]
[Site "Chess.com"]
[Date "2019.08.06"]
[Round "9"]
[White "SanchezKelvin"]
[Black "Litti"]
[Result "0-1"]
[WhiteElo "2448"]
[BlackElo "2495"]
[TimeControl "180+2"]
[EndTime "15:08:59 PDT"]
[Termination "Litti won by resignation"]

1. d4 d5 2. c4 e6 3. Nf3 c5 4. cxd5 exd5 5. g3 Nc6 6. Bg2 Nf6 7. O-O Be7 8. Nc3 O-O 9. Bg5 c4 10. Ne5 Be6 11. f4 Ng4 12. Nxg4 Bxg4 13. Bxe7 Nxe7 14.
h3 Be6 15. g4 f5 16. e3 Qd7 17.
Bf3 b5 18. a3 a5 19. a4 b4 20.
Nb5 Rae8 21. Kf2 Nc8 22. Rg1 Nd6 23. Nxd6 Qxd6 24. Rg3 Kh8 25. Qh1 c3 26. bxc3 bxc3 27. gxf5 Rxf5 28. Qc1 Rc8 29. Qc2 Rf7 30. Qb3 Qb4 31. Qc2 Bf5 32. Qe2 Qb2 33. Rgg1 Bd3 34.
Qxb2 cxb2 35. Rab1 Bxb1 36. Rxb1 Rc2+ 37. Kg3 Re7 38.
Bxd5 Rxe3+ 39. Kg4 Ra3 40. Be4 Rd2 41. d5 Ra1 42. Kf5 Rxb1 43. Bxb1 Rxd5+ 44. Ke4 Rd1 0-1

[Event "*** Titled Tuesday Blitz"]
[Site "Chess.com"]
[Date "2019.08.06"]
[Round "9"]
[White "Atakishiyev04"]
[Black "Polish_fighter3000"]
[Result "1/2-1/2"]
[WhiteElo "2674"]
[BlackElo "2970"]
[TimeControl "180+2"]
[EndTime "15:09:00 PDT"]
[Termination "Game drawn by agreement"]

1. e4 d5 2. exd5 Qxd5 3. Nc3 Qd8 4. Bc4 Nf6 5. d3 Bg4 6. Nf3 e6 7. O-O Nc6 8. h3 Bh5 9. Re1 Be7 10. Bb5 O-O 11.
Bxc6 bxc6 12. Be3 Nd5 13. Rb1 Nxc3 14. bxc3 a5 15. g4 Bg6 16. Ne5 Qd5 17. Bf4 Qxa2 18. Ra1 Qd5 19. c4 Qd4 20. Nxc6 Qxf4 21. Nxe7+ Kh8 22. Nxg6+ hxg6 23. Qe2 a4 24. Ra3 Ra5 25.
Rea1 Rfa8 26. Qe3 Qd6 27. d4 Qb4 28. c5 Kg8 29. c3 Qc4 30. h4 Rb5 31. Qf3 Ra6 32. h5 gxh5 33. gxh5 Rb3 34. Qd1 Rxa3 35. Rxa3 Qb5 36. Qf1 Qb7 37. Qd1 Qc6 38. Qg4 Kh7 39.
c4 Qe8 40. Qe4+ Kg8 41. h6 e5 42. hxg7 Kxg7 43. Rg3+ Rg6 44. Rxg6+ fxg6 45. d5 a3 46. Qe3 a2 47. Qa3 Qc8 48. Qxa2 Qg4+ 49. Kh2 Qh4+ 50.
Kg2 Qg4+ 51. Kh2 1/2-1/2

[Event "*** Titled Tuesday Blitz"]
[Site "Chess.com"]
[Date "2019.08.06"]
[Round "9"]
[White "iturrizaga"]
[Black "champ2005"]
[Result "0-1"]
[WhiteElo "2932"]
[BlackElo "2887"]
[TimeControl "180+2"]
[EndTime "15:09:06 PDT"]
[Termination "champ2005 won on time"]

1. c4 Nf6 2. Nc3 g6 3. e4 d6 4. d4 Bg7 5. g3 O-O 6. Bg2 c5 7.
Nge2 cxd4 8. Nxd4 Nc6 9. Nde2 Bg4 10. h3 Bxe2 11. Qxe2 Nd7 12. O-O Rc8 13. Nd5 e6 14. Ne3 Qb6 15. Rd1 Nd4 16. Qd2 Ne5 17. Kh1 Nxc4 18. Nxc4 Rxc4 19. Qd3 Rfc8 20. Be3 Qxb2 21.
Rab1 Qxa2 22. Rxb7 a5 23. Rd7 Nc2 24. Rxd6 Nxe3 25.
Qxe3 Qb2 26. Rd8+ Bf8 27. Kh2 Qf6 28. R8d7 Rc2 29. R1d2 Rxd2 30. Qxd2 a4 31. Ra7 a3 32. e5 Qd8 33. Qf4 Qe8 34. h4 h5 35. Bf1 Rb8 36. Bd3 Rb2 37. Kh3 Bc5 38. Rc7 Rxf2 39. Qg5 Qa8 0-1

[Event "*** Titled Tuesday Blitz"]
[Site "Chess.com"]
[Date "2019.08.06"]
[Round "9"]
[White "gena217"]
[Black "Bigfish1995"]
[Result "0-1"]
[WhiteElo "2926"]
[BlackElo "3055"]
[TimeControl "180+2"]
[EndTime "15:09:11 PDT"]
[Termination "Bigfish1995 won by resignation"]

1. e4 c5 2. Nf3 d6 3. Bb5+ Nd7 4. d4 cxd4 5. Qxd4 a6 6. Bxd7+ Bxd7 7. Bg5 Qa5+ 8.
Nbd2 Rc8 9. O-O Qc5 10. Qxc5 Rxc5 11. c4 Nf6 12. Be3 Rc8 13. h3 g6 14. Bd4 e5 15.
Bc3 Be6 16. Rfc1 Bh6 17. Bb4 Rc6 18. Rc3 Nd7 19. Rd3 Ke7 20. Rd1 Nc5 21. Bxc5 Rxc5 22. a4 f5 23. b3 Rb8 24. Ra1 b6 25. Kf1 Rb7 26. Ke1 b5 27. axb5 axb5 28. Ra6 Rd7 29.
cxb5 Rxb5 30. Rc3 Rb4 31. exf5 gxf5 32. Nc4 Bg7 33. Nfd2 e4 34. Rg3 Bd4 35. Rg5 Kf6 36. h4 h6 37. Rg3 d5 38. Na5 Rb6 39. Rxb6 Bxb6 40. Nc6 Rc7 41. Rc3 d4 42. Rc1 Bd7 43. Nc4 Rxc6 0-1

[Event "*** Titled Tuesday Blitz"]
[Site "Chess.com"]
[Date "2019.08.06"]
[Round "9"]
[White "ALEXJR20"]
[Black "I-Mesquita"]
[Result "0-1"]
[WhiteElo "2178"]
[BlackElo "2675"]
[TimeControl "180+2"]
[EndTime "15:09:12 PDT"]
[Termination "I-Mesquita won by resignation"]

1. c4 e5 2. Nc3 Nf6 3. g3 Nc6 4.
Bg2 Bc5 5. d3 a6 6. Nf3 d6 7.
Bg5 h6 8. Bxf6 Qxf6 9. O-O Qd8 10. a3 O-O 11. b4 Ba7 12. Nd5 Be6 13. Rc1 f5 14.
Qb3 f4 15. b5 Nd4 16. Nxd4 Bxd4 17. e3 fxe3 18. fxe3 Rxf1+ 19. Rxf1 Bc5 20. bxa6 Rxa6 21. Qxb7 Rxa3 22. Nxc7 Bxe3+ 23. Kh1 Bc8 24. Qd5+ Kh8 25. Nb5 Ra6 26. Qf7 Qg8 27. Qe7 Bg4 28. h3 Be2 29.
Re1 Bg5 30. Qd7 Bxd3 31. Rd1 Bg6 32. Nxd6 Kh7 33. Bd5 Qf8 34. Nf7 Bxf7 35. Bxf7 Ra2 36. Qf5+ Kh8 37. c5 Ra7 38. Bd5 Qxf5 0-1

[Event "*** Titled Tuesday Blitz"]
[Site "Chess.com"]
[Date "2019.08.06"]
[Round "9"]
[White "FearNoEvil12"]
[Black "Roachelley"]
[Result "1/2-1/2"]
[WhiteElo "2004"]
[BlackElo "2203"]
[TimeControl "180+2"]
[EndTime "15:09:13 PDT"]
[Termination "Game drawn by repetition"]

1. e4 c5 2. Nc3 d6 3. f4 Nc6 4. Bc4 Nf6 5. Nf3 g6 6. f5 Bg7 7. d3 a6 8. a4 Bd7 9. O-O Nd4 10. Nxd4 cxd4 11. Ne2 Qb6 12. a5 Qc5 13. Bd2 O-O 14. Qe1 Nxe4 15. fxg6 hxg6 16. Bb4 Qa7 17. Ng3 Nxg3 18.
Qxg3 Bf5 19. Rae1 Rae8 20. Bd2 Qc5 21. b4 Qc8 22. Rf4 Be5 23. Rxe5 dxe5 24. Rh4 Qc6 25. Qxe5 Qf6 26. Qg3 Qd6 27. Bf4 e5 28. Bh6 Qxb4 29. h3 Qe7 30. Bg5 Qd6 31. Rh6 Kg7 32. Rh4 Rh8 33. Rxh8 Rxh8 34. Qf3 Rh5 35. h4 Qd7 36.
Bd5 f6 37. g4 fxg5 38. gxh5 g4 39. Qg2 gxh5 40. Bxb7 Qb5 41. Bc8 Qb1+ 42. Kh2 Qb5 43.
Bxf5 Qxa5 44. Qc6 Qd2+ 45. Kg1 Qe1+ 46. Kg2 Qe2+ 47. Kg1 Qe1+ 48. Kg2 Qe2+ 49. Kg1 Qe1+ 1/2-1/2

[Event "*** Titled Tuesday Blitz"]
[Site "Chess.com"]
[Date "2019.08.06"]
[Round "9"]
[White "Jahonas"]
[Black "slowdgehammer"]
[Result "1/2-1/2"]
[WhiteElo "2406"]
[BlackElo "2457"]
[TimeControl "180+2"]
[EndTime "15:09:14 PDT"]
[Termination "Game drawn by repetition"]

1. d4 Nf6 2. Nf3 e6 3. c4 d5 4.
g3 Bb4+ 5. Bd2 Be7 6. Bg2 O-O 7.
Qc2 b6 8. O-O Bb7 9. Bf4 c6 10.
Ne5 Nbd7 11. Nc3 a6 12. cxd5 cxd5 13. Rfc1 Nxe5 14. Bxe5 b5 15. e3 Nd7 16. Ne2 Nxe5 17. dxe5 Rc8 18. Qb3 Qb6 19. a4 b4 20. a5 Qa7 21. Rxc8 Rxc8 22. Rc1 Rxc1+ 23. Nxc1 Qc5 24. Nd3 Qxa5 25. h4 h6 26. Nf4 Qb6 27. Qd1 Qc7 28. Nd3 a5 29. Qh5 a4 30. Nf4 Qc1+ 31. Kh2 Qxb2 32.
Nxe6 Qxf2 33. Nf4 Qxe3 34. e6 fxe6 35. Qe8+ Bf8 36. Nxe6 Qf2 37. Qd7 Ba6 38. Qxd5 Kh8 39. Nf4 Bf1 40. Qf7 Bc5 41. Ng6+ Kh7 42. Nf8+ Kh8 43.
Ng6+ Kh7 44. Nf8+ Kh8 45. Ng6+ 1/2-1/2

[Event "*** Titled Tuesday Blitz"]
[Site "Chess.com"]
[Date "2019.08.06"]
[Round "9"]
[White "chessdjw"]
[Black "ArnaudovP"]
[Result "1-0"]
[WhiteElo "2684"]
[BlackElo "2665"]
[TimeControl "180+2"]
[EndTime "15:09:19 PDT"]
[Termination "chessdjw won by checkmate"]

1. d4 Nf6 2. c4 e6 3. g3 d5 4. Bg2 dxc4 5. Qa4+ Nbd7 6. Qxc4 a6 7. Nh3 b5 8. Qc2 Rb8 9. O-O Bb7 10. e4 c5 11. Bf4 Rc8 12. d5 e5 13. Be3 Bd6 14. f3 O-O 15. Nf2 c4 16. Nd2 Bc5 17. Rfe1 Qb6 18. Nf1 Bxe3 19. Nxe3 Nc5 20. Kh1 g6 21. Qc3 Rfe8 22. Rad1 Nh5 23. Neg4 f6 24. Bh3 Rcd8 25.
b4 Na4 26. Qd2 Rd6 27. Re2 Qd8 28. Qc1 Nb6 29. Nh6+ Kg7 30. Bg4 Bc8 31. Bxh5 gxh5 32. g4 hxg4 33. Rg1 f5 34. Nxf5+ Bxf5 35. exf5 Nxd5 36.
Nxg4 Kh8 37. Nxe5 Rf6 38. Qh6 Re7 39. Ng6+ Rxg6 40. fxg6 Rg7 41. gxh7 Rxg1+ 42. Kxg1 Nf6 43. Rd2 Qe7 44. Kf1 c3 45. Rg2 Nd5 46. Rg8# 1-0

[Event "*** Titled Tuesday Blitz"]
[Site "Chess.com"]
[Date "2019.08.06"]
[Round "9"]
[White "Olga_Girya"]
[Black "NTBT_DHS"]
[Result "0-1"]
[WhiteElo "2497"]
[BlackElo "2649"]
[TimeControl "180+2"]
[EndTime "15:09:24 PDT"]
[Termination "NTBT_DHS won by checkmate"]

1. d4 Nf6 2. c4 g6 3. Nc3 Bg7 4. e4 d6 5. Be2 O-O 6. Be3 e5 7. d5 a5 8. g4 Na6 9. g5 Nd7 10. h4 f5 11. gxf6 Nxf6 12. h5 Qe8 13. h6 Bh8 14. Nh3 Bxh3 15. Rxh3 Nc5 16. Bxc5 dxc5 17.
Qd2 Qd7 18. Rg3 Ne8 19. O-O-O Nd6 20. Rdg1 Rf4 21. Bg4 Qe7 22. Be6+ Kf8 23. Qe2 Qh4 24. f3 Qxh6 25. Kb1 Rh4 26. R3g2 Bf6 27. b3 Kg7 28.
Qf2 Rf8 29. Qxc5 Bd8 30. Nb5 Nxb5 31. Qxb5 Qe3 32. Qd7+ Kh6 33. Bf5 Qd3+ 34. Kb2 Qd4+ 35. Kc2 Rxf5 36. exf5 Bg5 37. Rxg5 Rh2+ 38. R5g2 Qxg1 39.
Rxh2+ Qxh2+ 40. Kc3 Qh3 41. Qxc7 Qxf3+ 42. Kb2 Qxf5 43.
d6 Qf2+ 44. Ka3 Qf8 45. Qe7 Qf1 46. d7 b5 47. cxb5 Qc1+ 48. Ka4 Qd2 49. Qh4+ Kg7 50. d8=Q Qxa2# 0-1

[Event "*** Titled Tuesday Blitz"]
[Site "Chess.com"]
[Date "2019.08.06"]
[Round "9"]
[White "medalja"]
[Black "qqwow"]
[Result "1-0"]
[WhiteElo "2376"]
[BlackElo "2534"]
[TimeControl "180+2"]
[EndTime "15:09:24 PDT"]
[Termination "medalja won by resignation"]

1. d4 f5 2. g3 Nf6 3. Bg2 e6 4.
Nf3 Be7 5. O-O O-O 6. c4 d6 7. b3 Ne4 8. Ba3 Bf6 9. Qc2 a5 10. Nbd2 Nxd2 11. Qxd2 Nd7 12. Rad1 Qe7 13. Qc2 c6 14. e4 fxe4 15. Qxe4 a4 16. Bb4 axb3 17. axb3 c5 18. dxc5 Nxc5 19. Qe3 Bd7 20. Nd4 Rad8 21. Rfe1 e5 22. Bd5+ Kh8 23. Ba3 Bg5 24. Qe2 Qf6 25.
Nc2 Nxb3 26. Bxb7 Nd4 27. Nxd4 exd4 28. f4 Bh6 29. Qd3 Bxf4 30. gxf4 Qxf4 31. Rf1 Qg5+ 32. Qg3 Qa5 33. Bxd6 Rxf1+ 34. Rxf1 Qb6 35. Be5 d3+ 36.
Rf2 Qh6 37. Qxd3 Qg5+ 38. Qg3 Qe7 39. Bd5 Re8 40. Bd4 Qe1+ 41. Kg2 Qe7 42. Rf7 Qe2+ 43.
Qf2 Qg4+ 44. Kh1 Qd1+ 45. Kg2 Qg4+ 46. Kh1 Qd1+ 47. Qg1 Qxd4 48. Qxd4 1-0

[Event "*** Titled Tuesday Blitz"]
[Site "Chess.com"]
[Date "2019.08.06"]
[Round "9"]
[White "NoGalloNoParty"]
[Black "nitpicker"]
[Result "1-0"]
[WhiteElo "2315"]
[BlackElo "2225"]
[TimeControl "180+2"]
[EndTime "15:09:26 PDT"]
[Termination "NoGalloNoParty won on time"]

1. d4 Nf6 2. c4 e6 3. g3 d5 4. Nf3 Bb4+ 5. Bd2 Be7 6. Bg2 O-O 7. O-O c6 8. Qc2 b6 9. Nc3 Ba6 10. cxd5 cxd5 11. Bf4 Nc6 12. h4 Rc8 13. Qb1 h6 14. Rd1 Na5 15. Ne5 Bb4 16. Qc1 Kh7 17. Qe3 Nc4 18.
Nxc4 Rxc4 19. Rac1 Qc8 20. a3 Be7 21. Nb1 b5 22.
Nd2 Rxc1 23. Qd3+ Kg8 24. Rxc1 Qxc1+ 25. Nf1 Qc4 26. Qd2 Kh7 27. Bf3 Rc8 28. Kg2 Qc2 29.
Qa5 Qa4 30. Qd2 b4 31. g4 bxa3 32. bxa3 Ne4 33. Bxe4+ dxe4 34. Ng3 Bb7 35. Qe3 Qc6 36. g5 hxg5 37. Bxg5 Bf8 38. Qf4 e3+ 39. f3 f6 40.
Ne4 Be7 41. Qh2 Rh8 42. Bf4 Kg8 43. Qg3 Kf7 44. Bxe3 Bxa3 45. Bf2 Be7 46. Qf4 1-0

[Event "*** Titled Tuesday Blitz"]
[Site "Chess.com"]
[Date "2019.08.06"]
[Round "9"]
[White "XiaoKangZhong"]
[Black "tonyq11"]
[Result "1/2-1/2"]
[WhiteElo "2328"]
[BlackElo "2204"]
[TimeControl "180+2"]
[EndTime "15:09:26 PDT"]
[Termination "Game drawn by repetition"]

1. e4 e5 2. Nf3 Nc6 3. Bc4 Bc5 4.
O-O Nf6 5. d3 h6 6. c3 d6 7. h3 a5 8. a4 O-O 9. Re1 Ba7 10.
Nbd2 Ne7 11. Nf1 Ng6 12. Ng3 c6 13. Bb3 Qc7 14. d4 Be6 15. d5 Bd7 16. Be3 Bxe3 17. Rxe3 c5 18. Nd2 b5 19. axb5 Bxb5 20. Ba4 Qb6 21. Bxb5 Qxb5 22. Qc2 a4 23. Nf5 Ra6 24. c4 Qb4 25. Rea3 Rfa8 26. g3 Ne8 27. Kg2 Kf8 28.
R1a2 Ne7 29. Nxe7 Kxe7 30. Qd1 Kf8 31. b3 Nf6 32. Rxa4 Rxa4 33. Rxa4 Rxa4 34. bxa4 Ke8 35. Qc2 Nd7 36. Qa2 Qa5 37. Nb3 Qa6 38. a5 Qxc4 39. a6 Qxe4+ 40. f3 Qxd5 41. a7 Nb6 42. Qa3 c4 43.
Qa6 Na8 44. Qc8+ Ke7 45. Na5 Qd2+ 46. Kf1 Qd1+ 47. Kf2 Qd2+ 48. Kf1 Qd1+ 49. Kf2 Qd2+ 50. Kf1 1/2-1/2

[Event "*** Titled Tuesday Blitz"]
[Site "Chess.com"]
[Date "2019.08.06"]
[Round "9"]
[White "GM_shahin"]
[Black "2165149677570"]
[Result "0-1"]
[WhiteElo "2860"]
[BlackElo "2315"]
[TimeControl "180+2"]
[EndTime "15:09:27 PDT"]
[Termination "2165149677570 won on time"]

1. d4 Nf6 2. Nf3 b6 3. g3 Bb7 4. Bg2 e6 5. O-O c5 6. c4 cxd4 7. Qxd4 Nc6 8. Qf4 d6 9. Nc3 a6 10. Rd1 Qc7 11. b3 Be7 12. Ba3 Rd8 13. Rac1 Qb8 14.
Qe3 Nd7 15. Ne4 Nc5 16. Bb2 O-O 17. Qc3 e5 18. Nxc5 bxc5 19. e3 Nb4 20. Ra1 Bf6 21.
Ne1 Bxg2 22. Kxg2 Qb7+ 23. Kg1 e4 24. Qd2 Bxb2 25. Qxb2 d5 26. cxd5 Rxd5 27. Rxd5 Qxd5 28. Qc3 Rd8 29. Ng2 Nd3 30. Rf1 g5 31. Qa5 Rd6 32. Qc7 Kg7 33. Qe7 Re6 34. Qc7 Rc6 35. Qb7 c4 36. bxc4 Qxc4 37. h4 Qb5 38. Qxb5 axb5 39. hxg5 Ra6 40. Ra1 b4 41. Nf4 b3 42. a4 b2 43. Rb1 Rxa4 44. Nxd3 Ra1 0-1

[Event "*** Titled Tuesday Blitz"]
[Site "Chess.com"]
[Date "2019.08.06"]
[Round "9"]
[White "tigra"]
[Black "Schachspielerr"]
[Result "0-1"]
[WhiteElo "2731"]
[BlackElo "2668"]
[TimeControl "180+2"]
[EndTime "15:09:29 PDT"]
[Termination "Schachspielerr won by checkmate"]

1. d4 Nf6 2. c4 c6 3. Nf3 d5 4. Nbd2 e6 5. g3 Bd6 6. Bg2 O-O 7. O-O Nbd7 8. Qc2 Qe7 9. e4 dxe4 10. Nxe4 Nxe4 11.
Qxe4 e5 12. Re1 f5 13. Qc2 e4 14.
Ng5 Nf6 15. c5 Bc7 16. b4 Nd5 17. b5 Bd7 18. Bd2 Rae8 19. a4 Qf6 20. Rad1 h6 21. Nh3 g5 22. f4 exf3 23. Bxf3 g4 24. Bxd5+ cxd5 25. Nf2 Rxe1+ 26. Rxe1 Qxd4 27. c6 bxc6 28. bxc6 Bc8 29. Bxh6 Rf7 30. Re8+ Kh7 31. Bc1 Ba6 32. Bb2 Qc4 33. Rh8+ Kg6 34. Rg8+ Kh7 35. Rh8+ Kg6 36. Qd1 Bb6 37. h4 Re7 38. h5+ Kf7 39. Rh7+ Ke8 40. Rxe7+ Kxe7 41. h6 f4 42. h7 fxg3 43. h8=Q Bxf2+ 44. Kh1 Qe4+ 45. Qf3 Qxf3# 0-1

[Event "*** Titled Tuesday Blitz"]
[Site "Chess.com"]
[Date "2019.08.06"]
[Round "9"]
[White "Micki-taryan"]
[Black "ElHelvetico"]
[Result "1-0"]
[WhiteElo "2951"]
[BlackElo "2698"]
[TimeControl "180+2"]
[EndTime "15:09:33 PDT"]
[Termination "Micki-taryan won by resignation"]

1. Nf3 f5 2. d3 Nc6 3. d4 e6 4. c3 Nf6 5. Bg5 Be7 6. Nbd2 d5 7. e3 O-O 8. Bb5 Bd7 9. Bxc6 Bxc6 10. O-O Bb5 11. Re1 a5 12. Ne5 a4 13. Rc1 c5 14.
Ndf3 Ne4 15. Bxe7 Qxe7 16. dxc5 Qxc5 17. Nd4 Qd6 18. Nxb5 Qxe5 19. Qd4 Qxd4 20. exd4 Ra6 21. f3 Nf6 22. Nc7 Rb6 23. Rc2 a3 24. bxa3 Rc6 25.
Nxe6 Re8 26. Rce2 Rxc3 27. a4 Ra3 28. h3 Rxa4 29. g4 fxg4 30. hxg4 h6 31. Kf2 Kf7 32.
Re5 Rxa2+ 33. Kg3 Ra3 34. Kg2 Ra2+ 35. Kg3 Ra3 36. Kg2 Rc8 37. Nc5 b6 38. Re7+ Kf8 39.
Nd7+ Nxd7 40. Rxd7 Rc2+ 41. Kg3 Rcc3 42. Rf1 Ra5 43.
Re1 Raa3 44. Rf1 Ra5 45. Rb7 Ra4 46. Re1 Raa3 47. Rf1 Rab3 48. Kf4 Kg8 49. Ke5 Rxf3 50. Rxf3 Rxf3 51. Kxd5 Rf4 52. Ke5 Rxg4 53. d5 Rg1 54. d6 Rd1 55. d7 Kh7 56. Ke6 h5 57. Rxb6 Re1+ 58. Kf7 Rd1 59. Ke7 Rxd7+ 60. Kxd7 h4 61. Ke6 Kg6 62. Rb1 Kg5 63. Ke5 Kg4 64.
Ke4 Kg3 65. Ke3 Kg2 66. Rb5 h3 67. Rg5+ Kf1 68. Rf5+ Kg2 69. Rf2+ Kg1 70. Ra2 h2 71.
Kf3 h1=Q+ 72. Kg3 1-0

[Event "*** Titled Tuesday Blitz"]
[Site "Chess.com"]
[Date "2019.08.06"]
[Round "9"]
[White "Kimster98"]
[Black "Marcus_Harvey"]
[Result "1/2-1/2"]
[WhiteElo "2614"]
[BlackElo "2765"]
[TimeControl "180+2"]
[EndTime "15:09:37 PDT"]
[Termination "Game drawn by agreement"]

1. Nf3 Nf6 2. c4 b6 3. g3 Bb7 4. Bg2 e6 5. O-O Be7 6. Nc3 O-O 7. d4 Ne4 8. Nxe4 Bxe4 9. Nh4 Bxg2 10. Nxg2 d5 11. Qa4 Qd7 12. Qxd7 Nxd7 13. cxd5 exd5 14.
Nf4 Nf6 15. Bd2 Rac8 16. Rac1 Rfd8 17. Rfd1 c6 18. Nd3 Ne4 19. Be3 f6 20. f3 Nd6 21.
Bf4 g5 22. Bxd6 Bxd6 23. b4 Kf7 24. Rc2 Rc7 25. Rdc1 Rdc8 26. a4 Ke6 27. Kf2 h5 28. h3 h4 29. g4 f5 30. gxf5+ Kxf5 31. a5 Bg3+ 32. Kf1 Bf4 33. Nxf4 gxf4 34. axb6 axb6 35.
b5 c5 36. dxc5 Rxc5 37. Rxc5 bxc5 38. b6 c4 39. Ke1 Ke5 40. Kd2 Kd6 41. Kc3 Kc5 42.
b7 d4+ 43. Kd2 Rb8 44. Rb1 Kc6 45. Rb4 Rxb7 46. Rxc4+ Kd5 47. Rc8 Rb2+ 48. Ke1 Ra2 49. Rf8 Ke5 50. Re8+ Kf5 51. Rf8+ Ke5 52. Rh8 d3 53. exd3 Kd4 54. Re8 Kxd3 55. Re4 Rh2 56. Rxf4 Rxh3 57. Kf2 1/2-1/2

[Event "*** Titled Tuesday Blitz"]
[Site "Chess.com"]
[Date "2019.08.06"]
[Round "9"]
[White "ChainsOfFantasia"]
[Black "GMHess"]
[Result "0-1"]
[WhiteElo "2490"]
[BlackElo "2801"]
[TimeControl "180+2"]
[EndTime "15:09:39 PDT"]
[Termination "GMHess won by resignation"]

1. d4 g6 2. Nf3 Bg7 3. c4 f5 4. Nc3 c5 5. d5 Bxc3+ 6. bxc3 Nf6 7. h4 Qa5 8. Bd2 d6 9. Qb3 Nbd7 10. Ng5 Nb6 11. h5 Nxh5 12. e4 h6 13. Ne6 Bxe6 14. dxe6 fxe4 15. g4 Ng7 16. Qc2 O-O-O 17. Qxe4 Ne8 18.
Rxh6 Nf6 19. Qf3 Rxh6 20. Bxh6 Nxg4 21. Bg2 d5 22. cxd5 Nxh6 23. d6 Rxd6 24. Qxb7+ Kd8 25. Kf1 Nc8 26. Qb2 Nf5 27. Re1 Qb6 28. Qc1 Rxe6 29. Rd1+ Rd6 30. Re1 Nh4 31. Bh3 Qa6+ 32. c4 Nf3 33.
Re3 Qxc4+ 34. Qxc4 Nd2+ 35. Kg2 Nxc4 36. Rc3 N8b6 37. a4 Rd4 38. Be6 Kc7 39. a5 Nxa5 40. Rxc5+ Nc6 41. Bf7 Kd6 42. Rc2 a5 43. Bxg6 a4 44.
Be8 Nb4 45. Rc1 a3 46. Ra1 a2 47. Bf7 N6d5 48. Be8 Rd2 49. Ba4 Rb2 50. Bb5 Ne3+ 51. Kf3 Nec2 52. Rd1+ Kc5 0-1

[Event "*** Titled Tuesday Blitz"]
[Site "Chess.com"]
[Date "2019.08.06"]
[Round "9"]
[White "jefferyx"]
[Black "VladimirBelous"]
[Result "1-0"]
[WhiteElo "2938"]
[BlackElo "2815"]
[TimeControl "180+2"]
[EndTime "15:09:46 PDT"]
[Termination "jefferyx won by resignation"]

1. c4 c5 2. Nf3 Nc6 3. Nc3 g6 4.
e3 Bg7 5. d4 d6 6. Be2 Bg4 7.
d5 Nb8 8. O-O Nf6 9. Ne1 Bxe2 10. Qxe2 O-O 11. e4 a6 12. Nd3 Nfd7 13. Bg5 Re8 14. f4 b5 15. cxb5 axb5 16. Nxb5 Qb6 17. Nc3 Na6 18. Kh1 Nb4 19. Nf2 Qa6 20. Qf3 Nc2 21.
Rac1 Nd4 22. Qh3 Nf8 23. Ng4 Rab8 24. Rf2 h5 25. Nh6+ Bxh6 26. Bxh6 Nh7 27. f5 Nf6 28. Rd2 Ng4 29. Be3 Kg7 30. Qg3 gxf5 31. h3 h4 32. Qxh4 Rh8 33. Qg5+ Kf8 34. exf5 Nf6 35. Bxd4 cxd4 36. Rxd4 Rxb2 37. Ne4 Nxe4 38. Rxe4 f6 39.
Qe3 Qb7 40. Rxe7 Qxe7 41. Rc8+ Kf7 42. Qxe7+ Kxe7 43. Rxh8 Rxa2 44. Rh7+ Ke8 45. Rb7 Ra5 46. Kh2 Rxd5 47. g4 Rd3 48. h4 d5 49. h5 Kf8 50.
h6 Kg8 51. Rg7+ Kh8 52. Rf7 Re3 53. Rxf6 d4 54. Rd6 d3 55. g5 1-0